 Dungeon Crawl Stone Soup version 0.31-a0-986-g5e6e4ef867 (webtiles) character file.

Game seed: 2162785603091475172

1416777 MrSquiggles the Ruinous (level 27, 223/223 HPs)
             Began as a Demonspawn Wanderer on Nov 5, 2023.
             Was a Priest of Ignis.
             Escaped with the Orb
             ... and 3 runes on Nov 7, 2023!
             The game lasted 08:26:28 (106836 turns).

MrSquiggles the Ruinous (Demonspawn Wanderer)     Turns: 106836, Time: 08:26:29

Health: 223/223    AC: 18    Str: 23      XL:     27
Magic:  51/51      EV: 19    Int: 13 (19) God:    Ignis [***...]
Gold:   2878       SH:  0    Dex: 10      Spells: 9/56 levels left

rFire   + + +        a - staff of air
rCold   + + .        F - sphere of Battle
rNeg    + + +        Z - +3 troll leather armour {Snorg}
rPois   +            (helmet unavailable)
rElec   +            K - +2 cloak {rPois}
rCorr   .            g - +0 pair of gloves "Peiss" {rF+ rC+ rN++ Dex-4}
SInv    +            B - +2 pair of slick slippers {slick, slippery, EV+4}
Will    ++++.        h - dreamshard necklace {Acrobat *Dream}
Stlth   +            H - ring of Cheibriados's Favour {MP+9 Str+3}
HPRegen 1.37/turn    n - ring "Layxef" {rF+ rN+ Will+}
MPRegen 0.64/turn

%: random rage (3%), acrobat, guardian spirit
@: studying Long Blades
A: antennae 3, icy blue scales 3, demonic guardian 3, augmentation 3, magic
shield, magic regeneration, magic link, talons 1, berserk 1, strong-willed 1,
wild magic 1
0: Orb of Zot
}: 3/15 runes: decaying, slimy, gossamer
a: Renounce Religion, Fiery Armour, Foxfire Swarm, Rising Flame


You escaped.
You worshipped Ignis.
Ignis was most pleased with you.
You visited 11 branches of the dungeon, and saw 54 of its levels.
You visited 1 bazaar.
You also visited: Sewer, Ossuary, Gauntlet, Ice Cave, Volcano and Wizlab.

You collected 7720 gold pieces.
You spent 4842 gold pieces at shops.

Inventory:

Hand Weapons
 b - the +11 Singing Sword {sonic wave}
   (You found it in a Gauntlet)
Missiles
 k - 5 darts of dispersal
 o - 31 boomerangs
 s - 7 javelins
 u - 15 curare-tipped darts
 C - 20 poisoned darts
 M - 23 atropa-tipped darts
 T - 8 silver javelins
Armour
 g - the +0 pair of gloves "Peiss" (worn) {rF+ rC+ rN++ Dex-4}
   (You acquired it on level 1 of the Lair of Beasts)

   Dex-4:     It affects your dexterity (-4).
   rF+:       It protects you from fire.
   rC+:       It protects you from cold.
   rN++:      It greatly protects you from negative energy.
 B - the +2 pair of slick slippers (worn) {slick, slippery, EV+4}
   (You found it on level 10 of the Dungeon)

   Slick:     Its wearer cannot be constricted, engulfed, netted or webbed.
   Slippery:  Its wearer slips away from damaging melee attacks, pulling the
   attacker onward.
   EV+4:      It affects your evasion (+4).
 F - the sphere of Battle (worn)
   (You acquired it on level 4 of the Lair of Beasts)

   Battle:    It summons a battlesphere in combat, with strength depending on
   Conjurations skill.
   Destructive: It enhances your destructive magic, and weakens non-destructive
   magic.
 K - a +2 cloak of poison resistance (worn)
 Z - a +3 troll leather armour (worn) {Snorg}
Magical Staves
 a - a staff of air (weapon)
 c - the staff "Hydrabane" {+Blink rPois rF- Dex+8 Conj}
   (You took it off a minotaur in a Gauntlet)

   [staff of conjuration]

   Base accuracy: +5 Base damage: 5 Base attack delay: 1.2 This weapon's minimum
   attack delay (0.6) is reached at skill level 12.
   Dex+8:     It affects your dexterity (+8).
   rF-:       It makes you vulnerable to fire.
   rPois:     It protects you from poison +Blink: It lets you blink.
   Conj:      It increases the power of your Conjurations spells.
   It falls into the 'Staves' category.
   It is a one-handed weapon.
Jewellery
 h - the dreamshard necklace (around neck) {Acrobat *Dream}
   (You took it off a deep elf demonologist on level 3 of the Elven Halls)

   [amulet of the acrobat]

   *Dream:    It absorbs a single lethal wound into itself, holding its wearer
   just short of death and releasing dream-creatures to guard them.
   Acrobat:   It increases your evasion while moving and waiting.
 n - the ring "Layxef" (right hand) {rF+ rN+ Will+}
   (You took it off a vampire mage in a wizard's laboratory)

   [ring of protection from fire]

   rF+:       It protects you from fire.
   rN+:       It protects you from negative energy.
   Will+:     It increases your willpower.
 A - a ring of flight
 H - the ring of Cheibriados's Favour (left hand) {MP+9 Str+3}
   (You bought it in a shop in a bazaar)

   [ring of magical power]

   Str+3:     It affects your strength (+3).
   MP+9:      It affects your magic capacity (+9).
Wands
 d - a wand of acid (23)
 e - a wand of paralysis (28)
 r - a wand of mindburst (29)
 y - a wand of flame (165)
 X - a wand of roots (37)
Scrolls
 l - 3 scrolls of immolation
 p - 6 scrolls of vulnerability
 v - 9 scrolls of teleportation
 w - 2 scrolls of blinking
 x - 3 scrolls of noise
 D - 7 scrolls of poison
 E - a scroll of enchant armour
 G - 3 scrolls of fear
 O - a scroll of summoning
 Q - 6 scrolls of torment
 R - 2 scrolls of silence
 V - 7 scrolls of fog
Potions
 f - 5 potions of resistance
 i - 5 potions of invisibility
 j - 8 potions of enlightenment
 m - 2 potions of magic
 q - 7 potions of curing
 t - 2 potions of might
 z - 3 potions of ambrosia
 L - 7 potions of cancellation
 N - 4 potions of lignification
 S - 3 potions of heal wounds
 U - a potion of berserk rage
 Y - 5 potions of brilliance
Miscellaneous
 I - a tin of tremorstones (2/2)
 J - a lightning rod (4/4)
 W - a phantom mirror


   Skills:
 + Level 19.7 Fighting
 - Level 16.0 Long Blades
 - Level 16.0 Throwing
 - Level 9.0 Armour
 - Level 12.0 Dodging
 - Level 6.0 Stealth
 - Level 9.0 Unarmed Combat
 - Level 15.0 Spellcasting
 - Level 21.0 Conjurations
 - Level 12.0 Summonings
 - Level 4.0 Translocations
 - Level 3.0 Transmutations
 - Level 14.0 Fire Magic
 - Level 14.0 Air Magic
 - Level 12.0 Evocations


You had 9 spell levels left.
You knew the following spells:

 Your Spells              Type           Power      Damage    Failure   Level
a - Magic Dart            Conj           100%       1d8       1%          1
b - Arcjolt               Conj/Air       75%        1d85      1%          5
c - Spellforged Servitor  Conj/Summ      61%        N/A       11%         7
d - Conjure Ball Lightni  Conj/Air       75%        3x3d28    1%          6
e - Ignite Poison         Fire/Tmut/Pois 81%        N/A       4%          3
f - Poisonous Vapours     Pois/Air       100%       N/A       1%          2
g - Starburst             Conj/Fire      63%        6d17      1%          6
h - Plasma Beam           Fire/Air       69%        2x1d86    6%          6
i - Orb of Destruction    Conj           67%        9d16      2%          7
j - Passwall              Tmut/Erth      15%        N/A       10%         2
k - Blink                 Tloc           56%        N/A       4%          2

Your spell library contained the following spells:

 Spells                   Type           Power      Damage    Failure   Level
 Foxfire                  Conj/Fire      100%       2x1d9     1%          1
 Kiss of Death            Conj/Necr      100%       2d13      1%          1
 Shock                    Conj/Air       100%       1d9       1%          1
 Summon Small Mammal      Summ           100%       N/A       1%          1
 Call Imp                 Summ           100%       N/A       1%          2
 Dazzling Flash           Conj/Hex       100%       N/A       1%          3
 Hailstorm                Conj/Ice       100%       3d20      1%          3
 Mephitic Cloud           Conj/Pois/Air  100%       N/A       1%          3
 Swiftness                Air            93%        N/A       1%          3
 Airstrike                Air            69%        2d(10-26) 1%          4
 Flame Wave               Conj/Fire      100%       2d21      1%          4
 Sticky Flame             Conj/Fire      100%       2d11      1%          4
 Summon Lightning Spire   Summ/Air       90%        N/A       1%          4
 Fireball                 Conj/Fire      63%        3d24      1%          5
 Iskenderun's Battlesphe  Conj           100%       2d15      1%          5
 Apportation              Tloc           56%        N/A       2%          1
 Inner Flame              Hex/Fire       88%        N/A       2%          3
 Brom's Barrelling Bould  Conj/Erth      100%       2d11      2%          4
 Cigotuvi's Dreadful Rot  Necr/Pois/Air  100%       N/A       3%          2
 Summon Guardian Golem    Hex/Summ       36%        N/A       3%          3
 Vhi's Electric Charge    Tloc/Air       100%       N/A       3%          4
 Freezing Cloud           Conj/Ice/Air   65%        6-21      3%          5
 Irradiate                Conj/Tmut      54%        3d29      3%          5
 Wereblood                Tmut           25%        N/A       5%          2
 Sting                    Tmut/Pois      76%        1d6       7%          1
 Gell's Gravitas          Tloc           28%        N/A       7%          3
 Teleport Other           Tloc           28%        N/A       7%          3
 Animate Armour           Summ/Erth      72%        N/A       10%         4
 Summon Ice Beast         Ice/Summ       36%        N/A       10%         4
 Necrotise                Necr           52%        1d6       12%         1
 Summon Forest            Summ/Tloc      21%        N/A       12%         5
 Summon Cactus Giant      Summ           27%        N/A       13%         6
 Ensorcelled Hibernation  Hex/Ice        26%        N/A       16%         2
 Jinxbite                 Hex            26%        N/A       16%         2
 Sublimation of Blood     Necr           13%        N/A       16%         2
 Silence                  Hex/Air        34%        N/A       17%         5
 Manifold Assault         Tloc           28%        N/A       21%         4
 Passage of Golubria      Tloc           28%        N/A       21%         4
 Bombard                  Conj/Erth      51%        9d9       22%         6
 Summon Mana Viper        Hex/Summ       36%        N/A       24%         5
 Confusing Touch          Hex            13%        N/A       30%         3
 Frozen Ramparts          Ice            82%        1d13      30%         3
 Ozocubu's Armour         Ice            13%        N/A       30%         3
 Tukima's Dance           Hex            13%        N/A       30%         3
 Petrify                  Tmut/Erth      19%        N/A       45%         4
 Monstrous Menagerie      Summ           27%        N/A       50%         7
 Summon Hydra             Summ           27%        N/A       50%         7
 Anguish                  Hex/Necr       6%         N/A       67%         4
 Animate Dead             Necr           13%        N/A       67%         4
 Cause Fear               Hex            6%         N/A       67%         4
 Dispel Undead            Necr           13%        3d9       67%         4
 Leda's Liquefaction      Hex/Erth       6%         N/A       67%         4
 Olgreb's Toxic Radiance  Pois           41%        N/A       67%         4
 Alistair's Intoxication  Tmut/Pois      12%        N/A       80%         5
 Yara's Violent Unravell  Hex/Tmut       27%        3d12      80%         5
 Agony                    Necr           13%        N/A       94%         5
 Borgnjor's Vile Clutch   Necr/Erth      6%         N/A       94%         5
 Lee's Rapid Deconstruct  Erth           20%        3d12*     94%         5
 Metabolic Englaciation   Hex/Ice        6%         N/A       94%         5
 Dispersal                Tloc           14%        N/A       95%         6
 Haunt                    Necr/Summ      18%        N/A       99%         7
 Death Channel            Necr           6%         N/A       100%        6
 Eringya's Noxious Bog    Tmut/Pois      27%        4d6       100%        6
 Simulacrum               Ice/Necr       6%         N/A       100%        6
 Ozocubu's Refrigeration  Ice            20%        4d12      100%        7
 Borgnjor's Revivificati  Necr           6%         N/A       100%        8
 Discord                  Hex            6%         N/A       100%        8
 Disjunction              Tloc           14%        N/A       100%        8
 Infestation              Necr           6%         N/A       100%        8
 Lehudib's Crystal Spear  Conj/Erth      51%        10d12     100%        8
 Death's Door             Necr           6%         N/A       100%        9
 Dragon's Call            Summ           27%        N/A       100%        9


Dungeon Overview and Level Annotations

Branches:
Dungeon (15/15)            Temple (0/1) D:5            Lair (5/5) D:10
  Swamp (4/4) Lair:3       Spider (4/4) Lair:3        Slime (5/5) Lair:5
    Orc (2/2) D:9             Elf (3/3) Orc:2        Vaults (4/5) D:13
  Crypt (3/3) Vaults:3       Tomb (0/3) Crypt:3      Depths (4/4) D:15
    Zot (5/5) Depths:4      Sewer (visited)         Ossuary (visited)
  IceCv (visited)         Volcano (visited)          WizLab (visited)
Gauntlet (visited)

Altars:
Cheibriados
Gozag
Kikubaaqudgha
Nemelex Xobeh
Qazlal
Sif Muna
Vehumet
Xom
Yredelemnul
Ignis
Jiyva

Shops:
D:3 :   D:15 !   Orc:2 :=!(   Elf:3 :   Vaults:3 (   Vaults:4 (   Depths:3 [

Portals:
Hell: Depths:1 Depths:2 Depths:3 Depths:4
Abyss: Depths:2 Depths:3
Pandemonium: Depths:2 Depths:3 Depths:4
Ziggurat: Depths:2

Annotations:
D:5 exclusion: downstairs
Lair:2 porpoise's ghost, journeyman DsGl
Lair:3 Asterion
Elf:1 3 runed translucent doors
Elf:2 5 runed translucent doors
Vaults:1 exclusion: door, Zenata
Vaults:3 Mennas
Crypt:2 1 runed translucent door, Katt's ghost, adept MiFi
Zot:5 exclusion: obsidian statue


Innate Abilities, Weirdness & Mutations

You have a pair of large antennae on your head. (SInv)
You are completely covered in icy blue scales. (AC +4, rC+)
A powerful demonic guardian rushes to your aid.
Your magical and physical power is greatly enhanced at high health.
When hurt, damage is shared between your health and your magic reserves.
You regenerate magic rapidly.
When low on magic, you restore magic in place of health.
You have sharp toenails.
You sometimes lose your temper in combat.
You are strong-willed. (Will+)
Your spells are a little harder to cast, but a little more powerful.


Message History

You feel a little less clever now.
There is a stone staircase leading down here.
Unknown command.
Casting: Plasma Beam (mildly dangerous; 6% risk of failure)
Confirm with . or Enter, or press ? or * to list all spells.
Casting: Plasma Beam (mildly dangerous; 6% risk of failure)
Press: ? - help, Dir - look around, f - activate You feel a strong surge of power!
You miscast Plasma Beam.
You are very lightly contaminated with residual magic.
Nothing appears to happen.
Unknown command.
Casting: Plasma Beam (mildly dangerous; 6% risk of failure)
Confirm with . or Enter, or press ? or * to list all spells.
Casting: Plasma Beam (mildly dangerous; 6% risk of failure)
Press: ? - help, Dir - look around, f - activate You feel a strong surge of power!
The bolt of lightning hits the sixfirhy.
The sixfirhy completely resists.
The fiery plasma hits the sixfirhy!!!
You kill the sixfirhy!
Unknown command.
Unknown command.
HP restored.
Your magical contamination has completely faded away.
Magic restored.
There is a stone staircase leading up here.
You climb upwards.
Your summoned ally is left behind.
Your battlesphere wavers and loses cohesion.
There is a stone staircase leading down here.
There is a stone staircase leading up here.
You climb upwards.
There is a stone staircase leading down here.
There is an open door here.
There is a staircase leading out of the dungeon here.
An Executioner and 2 large abominations come into view.
There is a staircase leading out of the dungeon here.
Okay, then.
Okay, then.
Unknown command.
You conjure a globe of magical energy.
You have escaped!

........#.#...#~.~#≈§≈#
#.#.###.#.#...#~.~#≈≈.#
#.#.#.....#...#~.~#§..#
#.#.#.#.#.#...#...#...#
#.#.#.#.#.#...........#
......#.#.#...........#
#.#.###.#.#...........#
#.#.....#.#...........#
#.#######.#.....@..X1.#
#.........#...*.....X.#
#######################


You could see an Executioner, 2 large abominations and a friendly battlesphere.

Vanquished Creatures
  the Royal Jelly (Slime:5)
  A seraph (D:5)
  2 dread liches
  An ancient lich (Zot:5)
  3 orbs of fire
  Mara (Swamp:3)
  Sojobo (Depths:3)
  Josephina (Depths:3)
  A shard shrike (Zot:2)
  5 Killer Klowns (Zot:5)
  A curse toe (Zot:4)
  2 caustic shrikes (Depths:2)
  7 golden dragons
  Norris (Vaults:1)
  the Enchantress (Depths:2)
  3 bone dragons
  Nikola (Vaults:2)
  Jorgrun (D:14)
  An electric golem (Zot:5)
  2 liches
  7 tentacled monstrosities
  2 titans (Zot:2)
  22 Orb Guardians
  A deep elf master archer (Elf:3)
  A deep elf blademaster (Elf:3)
  The ghost of Litiur the Cryomancer, an adept OpIE of Sif Muna (Elf:2)
  2 sphinxes
  8 quicksilver dragons
  15 death cobs
  A walking frostbound tome (Depths:2)
  13 acid blobs
  A thorn hunter (Swamp:1)
  8 ancient champions
  Kirke (D:15)
  Roxanne (Swamp:3)
  Agnes (D:14)
  6 tengu reavers
  11 storm dragons
  7 shadow dragons
  7 rockslimes
  10 fire giants
  Aizul (Swamp:3)
  Donald (Swamp:1)
  6 draconian knights
  6 azure jellies
  2 draconian monks
  6 deep elf sorcerers (Elf:3)
  6 ghost moths
  A spectral caustic shrike (WizLab)
  A caustic shrike zombie (Crypt:2)
  An iron dragon (Depths:2)
  Louise (Swamp:1)
  7 frost giants
  2 deep elf elementalists (Elf:3)
  3 emperor scorpions
  2 curse skulls
  5 draconian annihilators
  9 draconian shifters
  5 ghouls (Crypt:2)
  10 draconian scorchers
  9 vault wardens
  2 war gargoyles (Crypt:3)
  4 spriggan defenders
  5 ironbound thunderhulks
  2 formless jellyfish (Vaults:2)
  An orc warlord (Vaults:2)
  15 ironbound preservers
  10 quicksilver oozes
  6 very ugly things
  2 draconian stormcallers (Zot:2)
  Nessos (D:12)
  11 vampire knights
  A rockslime zombie (Crypt:2)
  16 stone giants
  6 green draconians
  3 deep elf demonologists
  5 eleionomae
  An elemental wellspring (Depths:2)
  15 purple draconians
  8 yellow draconians
  9 black draconians
  10 white draconians
  6 halazid warlocks (WizLab)
  A bunyip (Swamp:3)
  8 spark wasps
  A spectral titan (WizLab)
  11 deep elf annihilators
  10 dire elephants
  A blizzard demon (Depths:3)
  A minotaur (Gauntlet)
  4 red draconians
  6 eidola
  3 deep elf death magi
  The ghost of Dittersdorf the Fighter, a journeyman GrFi of Okawaru (Lair:2)
  3 merfolk impalers (Depths:2)
  10 ettins
  A merfolk javelineer (Depths:2)
  9 jiangshi
  A mummy priest (Crypt:3)
  11 fire dragons
  12 yaktaur captains
  6 great orbs of eyes
  3 entropy weavers
  A ghost crab (Swamp:4)
  Erolcha (D:12)
  7 ice dragons
  A fenstrider witch zombie (Crypt:3)
  5 rakshasas
  6 vault guards
  A catoblepas (Lair:4)
  4 deep elf high priests (Elf:3)
  3 ogre magi
  A sphinx zombie (D:15)
  A jorogumo (Spider:4)
  6 alligators
  21 hydras
  A hell beast (Depths:3)
  8 spriggan air magi
  18 centaur warriors
  An anaconda (D:10)
  3 radroaches
  2 juggernaut simulacra (Depths:3)
  A bennu zombie (Crypt:1)
  2 deep troll shamans (Depths:2)
  8 boulder beetles
  6 ironbound frosthearts
  A sphinx skeleton (D:15)
  10 demonic crawlers
  3 death knights
  11 two-headed ogres
  9 vampire magi
  3 deep troll earth magi
  7 death yaks
  4 tengu warriors (Depths:2)
  12 dancing weapons
  2 orc high priests (Elf:1)
  6 spriggan berserkers
  A titan zombie (WizLab)
  A storm dragon zombie (Crypt:3)
  The ghost of Zonian the Thaumaturge, a journeyman DECj of Vehumet (Lair:2)
  7 deep elf knights
  16 hell knights
  2 occultists
  11 spriggans
  A fire crab (shapeshifter) (D:13)
  Nergalle (Orc:2)
  4 soul eaters
  3 sun moths
  A sixfirhy (D:3)
  2 titan skeletons
  A bunyip zombie (Crypt:2)
  3 iron trolls
  A spectral spark wasp (WizLab)
  5 goliath frogs
  5 shadow wraiths
  5 skysharks
  A cherub (D:5)
  3 pharaoh ants
  39 deep trolls
  16 flayed ghosts
  37 skeletal warriors
  A golden dragon zombie (Zot:4)
  4 orb spiders
  4 spriggan druids
  A shadow demon (Zot:5)
  2 storm dragon skeletons
  6 glowing orange brains
  2 orange crystal statues
  A ghost moth zombie (Crypt:1)
  An anaconda skeleton (Crypt:1)
  A shadow dragon zombie (Crypt:2)
  9 necromancers
  3 bog bodies (Crypt:2)
  3 spectral wolf spiders (WizLab)
  An iron giant skeleton (Crypt:3)
  2 anaconda zombies
  3 deep elf archers
  14 lindwurms
  16 deep elf pyromancers
  7 swamp dragons
  5 harpies (Vaults:1)
  5 steelbarb worms
  2 wolf spider zombies (WizLab)
  A sphinx simulacrum (Depths:2)
  12 ironbound convokers
  6 orc knights
  7 arcanists
  27 phantasmal warriors
  17 wolf spiders
  25 ugly things
  A shadow dragon skeleton (Crypt:2)
  15 deep elf zephyrmancers
  8 orc sorcerers (Orc:2)
  A cyclops (Orc:1)
  5 manticores
  5 shining eyes
  3 will-o-the-wisps
  12 elephants
  20 moths of wrath
  2 dire elephant zombies
  4 smoke demons (Crypt:3)
  13 vault sentinels
  A jorogumo skeleton (Crypt:1)
  6 black mambas
  3 molten gargoyles (Lair:5)
  3 ice statues (IceCv)
  5 cane toads
  A titan simulacrum (Crypt:1)
  8 gargoyles
  4 rime drakes
  5 torpor snails
  37 yaktaurs
  A hellion (D:6)
  5 freezing wraiths
  11 komodo dragons
  An unseen horror zombie (Crypt:1)
  An efreet (Zot:2)
  2 tengu conjurers (Depths:2)
  A harpy zombie (Crypt:3)
  3 red devils (Crypt:3)
  A golden dragon simulacrum (Depths:3)
  2 guardian mummies (Crypt:1)
  9 trolls
  2 merfolk (D:10)
  3 polar bears
  9 tyrant leeches
  6 meliai
  A spectral harpy (WizLab)
  20 tarantellas
  6 harpy skeletons
  4 nameless horrors
  8 hornets
  A hydra skeleton (Crypt:3)
  The ghost of Thrassey the Grave Robber, an amateur DsNe (D:4)
  6 dream sheep (Lair:4)
  5 glass eyes
  An ettin skeleton (Depths:2)
  18 blink frogs
  26 jumping spiders
  15 flying skulls
  A black mamba zombie (Crypt:2)
  6 shadows (Crypt:3)
  63 slime creatures
  6 water elementals
  7 wraiths
  16 culicivoras
  Sigmund (D:6)
  A jumping spider (shapeshifter) (D:13)
  2 wyverns
  2 dire elephant simulacra (IceCv)
  3 vampires
  2 fire elementals
  5 large abominations (D:12)
  52 yaks
  4 hogs (D:15)
  A black mamba skeleton (Crypt:2)
  26 redbacks
  7 basilisks
  17 humans
  11 vampire mosquitoes
  2 death yak simulacra
  4 steam dragons
  Menkaure (D:5)
  21 swamp worms
  2 wargs
  2 acid dragons
  21 water moccasins
  14 hell hounds
  2 hydra simulacra (Zot:2)
  Pargi (Sewer)
  A demonspawn skeleton (Crypt:2)
  3 black bears
  28 orc warriors
  8 swamp drakes
  15 ogres
  14 wolves
  3 boggarts (D:15)
  5 centaurs
  2 kobold brigands
  A komodo dragon zombie (Crypt:2)
  7 small abominations (D:12)
  10 scorpions
  A necrophage (Crypt:2)
  2 gnoll sergeants
  An earth elemental (Elf:1)
  9 bullfrogs
  3 cane toad simulacra (IceCv)
  12 wights
  10 killer bees
  An elephant simulacrum (Orc:2)
  A swamp dragon simulacrum (Crypt:1)
  3 electric eels
  5 howler monkeys
  4 human zombies
  4 lava snakes (Lair:5)
  4 crimson imps (D:7)
  2 hounds
  24 orc priests
  3 jellies
  4 centaur zombies
  2 centaur skeletons
  3 sleepcaps
  3 scorpion zombies
  Natasha (thrice) (D:2)
  2 human skeletons (Crypt:1)
  3 iguanas
  46 orc wizards
  4 spriggan simulacra
  Terence (D:2)
  A polar bear simulacrum (Orc:2)
  A killer bee zombie (Crypt:1)
  A troll simulacrum (Orc:2)
  2 deep dwarf skeletons (Crypt:2)
  3 naga skeletons
  7 mummies
  6 adders
  27 gnolls
  6 river rats
  A naga simulacrum (Orc:2)
  A shadow imp (D:5)
  A white imp (D:5)
  An iguana zombie (Crypt:1)
  An adder zombie (D:3)
  A worm (D:3)
  3 dart slugs
  96 orcs
  10 ball pythons
  10 endoplasms
  11 giant cockroaches
  10 goblins
  9 hobgoblins
  2 jackals (D:3)
  3 quokkas
  A ball python zombie (D:3)
  4 bats
  3 frilled lizards
  A frilled lizard skeleton (Crypt:1)
  2 gnoll zombies (Ossuary)
  4 goblin zombies (Ossuary)
  4 hobgoblin zombies (Ossuary)
  18 kobolds
  7 orc zombies (Ossuary)
  10 rats
  A rat skeleton (Crypt:2)
  A ball lightning (Elf:1)
2181 creatures vanquished.

Vanquished Creatures (collateral kills)
  2 ancient liches
  An orb of fire (Zot:2)
  5 Killer Klowns
  2 curse toes
  8 golden dragons
  6 tentacled monstrosities
  An electric golem (Zot:5)
  4 Orb Guardians (Zot:5)
  2 titans (Zot:2)
  A lich (Crypt:3)
  2 quicksilver dragons
  5 acid blobs (Slime:5)
  4 death cobs
  A shadow dragon (Zot:4)
  4 storm dragons
  A draconian monk (Zot:3)
  3 azure jellies
  4 frost giants (Zot:2)
  A draconian knight (Zot:2)
  2 fire giants (Zot:2)
  6 rockslimes
  An emperor scorpion (Spider:4)
  A draconian shifter (Zot:1)
  A draconian annihilator (Zot:2)
  An ironbound preserver (Vaults:3)
  3 quicksilver oozes
  A very ugly thing (Depths:1)
  A war gargoyle (Crypt:3)
  5 green draconians
  A stone giant (Zot:2)
  Azrael (D:13)
  4 black draconians
  2 yellow draconians (Zot:4)
  6 red draconians
  5 purple draconians
  5 white draconians
  3 dire elephants (Vaults:3)
  Snorg (Lair:4)
  2 jiangshi (Depths:1)
  2 yaktaur captains
  A vault guard (Vaults:3)
  2 spriggan air magi (Swamp:2)
  A great orb of eyes (Vaults:1)
  3 hydras
  An ironbound frostheart (Vaults:3)
  An ogre mage (Orc:2)
  A centaur warrior (Vaults:2)
  A two-headed ogre (D:9)
  A spriggan berserker (Swamp:2)
  A deep elf knight (Elf:2)
  A skyshark (Lair:4)
  2 hell knights
  A soul eater (Zot:4)
  2 deep trolls (Zot:2)
  A goliath frog (Swamp:2)
  2 swamp dragons
  2 skeletal warriors (Volcano)
  An ironbound convoker (Vaults:2)
  A deep elf pyromancer (Elf:3)
  2 deep elf archers
  A draconian zombie (Zot:4)
  An oklob plant (Lair:4)
  2 wolf spiders (Spider:4)
  2 deep elf zephyrmancers
  3 shining eyes
  2 moths of wrath
  A cane toad (Lair:5)
  3 yaktaurs (Vaults:2)
  A troll (Elf:1)
  A tarantella (Spider:1)
  2 hornets
  An air elemental (Elf:1)
  3 jumping spiders
  A flying skull (WizLab)
  15 slime creatures
  A wraith (Crypt:3)
  7 yaks
  A basilisk (D:11)
  2 redbacks
  2 vampire mosquitoes (Swamp:2)
  An acid dragon (D:11)
  A swamp worm (Swamp:2)
  2 hell hounds (D:13)
  2 ogres (Zot:2)
  A spriggan skeleton (Volcano)
  A lava snake (Lair:5)
  A hound (D:4)
  An orc priest (D:9)
  An orc wizard (Orc:2)
  2 orcs
  28 ball lightnings
232 creatures vanquished.

Vanquished Creatures (others)
  A seraph (D:11)
  A moth of wrath (Zot:4)
  A storm dragon simulacrum (Depths:3)
  A yaktaur (Vaults:3)
  A golden dragon simulacrum (Depths:3)
  A water elemental (Elf:3)
  A fire elemental (Elf:3)
  A redback (Spider:3)
  688 ball lightnings
  33 foxfires
729 creatures vanquished.

Grand Total: 3142 creatures vanquished

Notes
Turn   | Place    | Note
-------+----------+-------------------------------------------
     0 | D:1      | MrSquiggles the Demonspawn Wanderer began the quest for the
                  | Orb.
     0 | D:1      | MrSquiggles set off with the following items: a +0 club, a
                  | potion of heal wounds, a potion of attraction, a scroll of
                  | fog, a scroll of fear, a +0 leather armour, a potion of
                  | haste.
     0 | D:1      | Reached XP level 1. HP: 19/19 MP: 1/1
   213 | D:1      | Gained mutation: You regenerate magic rapidly. [demonic
                  | ancestry]
   213 | D:1      | Reached XP level 2. HP: 25/25 MP: 2/2
   856 | D:1      | Gained mutation: You have a pair of small antennae on your
                  | head. [demonic ancestry]
   856 | D:1      | Reached XP level 3. HP: 30/30 MP: 3/3
  1281 | D:2      | Noticed Natasha
  1325 | D:2      | Found a faded altar of an unknown god.
  1334 | D:2      | Prayed at the altar of an unknown god.
  1334 | D:2      | Became a worshipper of Ignis, the Dying Flame
  1592 | D:2      | Noticed Terence
  1712 | D:2      | Killed Natasha
  1713 | D:2      | Reached XP level 4. HP: 16/38 MP: 4/4
  1901 | D:2      | Noticed Natasha
  1924 | D:2      | Killed Natasha
  2583 | D:3      | Found a snail-covered altar of Cheibriados.
  2612 | D:3      | Gained mutation: A weak demonic guardian rushes to your
                  | aid. [demonic ancestry]
  2612 | D:3      | Reached XP level 5. HP: 43/43 MP: 5/5
  2674 | D:3      | Found a basalt altar of Yredelemnul.
  2854 | D:3      | Reached skill level 1 in Throwing
  3041 | D:3      | Found Onenopi's Book Shoppe.
  3352 | D:3      | Reached skill level 5 in Fighting
  3352 | D:3      | Gained mutation: You are partially covered in icy blue
                  | scales. (AC +2) [demonic ancestry]
  3352 | D:3      | Reached XP level 6. HP: 46/51 MP: 6/6
  3605 | D:4      | Found a large runed translucent door.
  3669 | D:4      | Found a glowing drain.
  3672 | Sewer    | Entered a sewer
  3770 | Sewer    | Noticed Pargi
  3786 | Sewer    | Killed Pargi
  3787 | Sewer    | Gained mutation: When hurt, damage is shared between your
                  | health and your magic reserves. [demonic ancestry]
  3787 | Sewer    | Reached XP level 7. HP: 35/56 MP: 7/7
  4108 | D:4      | Found a large runed translucent door.
  4156 | D:4      | Noticed Thrassey's ghost (amateur DsNe)
  4513 | D:5      | Entered Level 5 of the Dungeon
  4513 | D:5      | Noticed Menkaure
  4522 | D:5      | Killed Menkaure
  4523 | D:5      | Reached skill level 5 in Unarmed Combat
  5217 | D:5      | Reached XP level 8. HP: 64/64 MP: 8/8
  5336 | D:5      | Identified the +0 robe of Gustog {Dex+3}
  5344 | D:5      | Found a staircase to the Ecumenical Temple.
  5498 | D:6      | Identified the +5 chain mail of Pessimism {Contam rPois
                  | Int+5 Dex-4}
  5559 | D:6      | Found a sand-covered staircase.
  5578 | Ossuary  | Entered an ossuary
  5831 | Ossuary  | Reached skill level 5 in Evocations
  5889 | Ossuary  | Reached skill level 5 in Stealth
  6184 | D:6      | Reached XP level 9. HP: 55/71 MP: 9/9
  6639 | D:6      | Found a shimmering blue altar of Sif Muna.
  6651 | D:6      | Noticed Sigmund
  6674 | D:6      | Killed Sigmund
  7641 | D:7      | Noticed a two-headed ogre
  7643 | D:7      | Reached skill level 5 in Throwing
  8258 | D:7      | Found a shimmering altar of Xom.
  9384 | D:8      | Gained mutation: You have a pair of antennae on your head.
                  | [demonic ancestry]
  9384 | D:8      | Reached XP level 10. HP: 80/80 MP: 10/10
  9419 | D:8      | Paralysed by a hornet for 2 turns
  9477 | D:8      | Found a stormy altar of Qazlal.
 10998 | D:9      | Noticed a two-headed ogre
 11040 | D:9      | Killed a two-headed ogre
 11041 | D:9      | Reached skill level 1 in Armour
 11041 | D:9      | Reached skill level 1 in Dodging
 11253 | D:9      | Found a staircase to the Orcish Mines.
 11301 | D:9      | Noticed a two-headed ogre
 11320 | D:9      | Killed a two-headed ogre
 11321 | D:9      | Gained mutation: You are mostly covered in icy blue scales.
                  | (AC +3) [demonic ancestry]
 11321 | D:9      | Reached XP level 11. HP: 70/89 MP: 11/11
 12519 | D:10     | Entered Level 10 of the Dungeon
 12561 | D:10     | Noticed a skyshark
 12562 | D:10     | Found the +2 pair of slick slippers {slick, slippery, EV+4}
 12583 | D:10     | Noticed a skyshark
 12585 | D:10     | Noticed an anaconda
 12606 | D:10     | Found a runed translucent door.
 12937 | D:10     | Noticed a death yak
 13524 | D:10     | Found a staircase to the Lair.
 13566 | D:10     | Noticed a death yak
 13608 | D:10     | Killed a death yak
 13624 | D:10     | Noticed a death yak
 13645 | D:10     | Noticed a red ugly thing
 13664 | D:10     | Killed a red ugly thing
 14161 | Lair:1   | Entered Level 1 of the Lair of Beasts
 14191 | Lair:1   | Found a sparkling altar of Nemelex Xobeh.
 14429 | Lair:1   | Found a dark tunnel.
 14441 | Volcano  | Entered a volcano
 14462 | Volcano  | Reached skill level 5 in Armour
 14524 | Volcano  | Reached skill level 5 in Dodging
 14948 | Volcano  | Noticed a skeletal warrior
 14998 | Volcano  | Killed a skeletal warrior
 15020 | Volcano  | Noticed a skeletal warrior
 15025 | Volcano  | Killed a skeletal warrior
 15627 | Lair:1   | Reached XP level 12. HP: 77/95 MP: 10/12
 15862 | Lair:1   | Identified the +7 rapier of the Feeding Scorpion {flame,
                  | rF++ rCorr}
 16538 | Lair:1   | Identified a scroll of acquirement
 16583 | Lair:1   | Acquired the +0 pair of gloves "Peiss" {rF+ rC+ rN++ Dex-4}
 17192 | Lair:2   | Found a runed translucent gate.
 17192 | Lair:2   | Found a runed translucent gate.
 17192 | Lair:2   | Found a runed translucent gate.
 17192 | Lair:2   | Noticed porpoise's ghost (journeyman DsGl)
 17192 | Lair:2   | Noticed Dittersdorf's ghost (journeyman GrFi)
 17193 | Lair:2   | Noticed Zonian's ghost (journeyman DECj)
 17316 | Lair:2   | Noticed a five-headed hydra
 17326 | Lair:2   | Killed a five-headed hydra
 17422 | Lair:2   | Reached skill level 10 in Throwing
 17578 | Lair:2   | Found the ring of Shadows {Umbra +Inv Stlth+}
 19285 | Lair:3   | Found a staircase to the Swamp.
 19556 | Lair:3   | Gained mutation: You have a pair of large antennae on your
                  | head. (SInv) [demonic ancestry]
 19556 | Lair:3   | Reached XP level 13. HP: 86/101 MP: 13/13
 19827 | Lair:3   | Found a hole to the Spider Nest.
 20906 | Gauntlet | Identified the "Nitimm"
 21006 | Lair:4   | Found a gate leading to a gauntlet.
 21033 | Gauntlet | Entered a Gauntlet
 21033 | Gauntlet | Found a transporter.
 21033 | Gauntlet | Found a transporter.
 21033 | Gauntlet | Found a transporter.
 21044 | Gauntlet | Found a transporter.
 21056 | Gauntlet | Found a transporter.
 21070 | Gauntlet | Found a transporter.
 21072 | Gauntlet | Found a large runed translucent door.
 21073 | Gauntlet | Found a large runed translucent door.
 21074 | Gauntlet | Found a large runed translucent door.
 21074 | Gauntlet | Found a large runed translucent door.
 21074 | Gauntlet | Found a runed translucent door.
 21074 | Gauntlet | Found a runed translucent door.
 21075 | Gauntlet | Found a large runed translucent door.
 21076 | Gauntlet | Found a large runed translucent door.
 21077 | Gauntlet | Found a large runed translucent door.
 21077 | Gauntlet | Found a large runed translucent door.
 21078 | Gauntlet | Found a runed translucent gate.
 21078 | Gauntlet | Found a runed translucent gate.
 21078 | Gauntlet | Found a runed translucent gate.
 21080 | Gauntlet | Found a transporter.
 21089 | Gauntlet | Found a large runed translucent door.
 21089 | Gauntlet | Found a large runed translucent door.
 21090 | Gauntlet | Found a large runed translucent door.
 21091 | Gauntlet | Found a large runed translucent door.
 21095 | Gauntlet | Found a transporter.
 21101 | Gauntlet | Found a transporter.
 21114 | Gauntlet | Found the +11 Singing Sword {sonic wave}
 21114 | Gauntlet | Noticed a dire elephant
 21115 | Gauntlet | Found a transporter.
 21132 | Gauntlet | Found a transporter.
 21136 | Gauntlet | Found a transporter.
 21185 | Gauntlet | Found a large runed translucent door.
 21186 | Gauntlet | Found a large runed translucent door.
 21187 | Gauntlet | Found a large runed translucent door.
 21187 | Gauntlet | Found a large runed translucent door.
 21607 | Gauntlet | Killed a dire elephant
 21684 | Gauntlet | Gained mutation: A demonic guardian rushes to your aid.
                  | [demonic ancestry]
 21684 | Gauntlet | Reached XP level 14. HP: 108/108 MP: 14/14
 21693 | Gauntlet | Identified the staff "Hydrabane" {+Blink rPois rF- Dex+8
                  | Conj}
 22484 | Lair:2   | Killed Zonian's ghost
 22934 | D:2      | Killed Terence
 22957 | D:2      | Found a candlelit altar of Ignis.
 23128 | D:2      | Noticed Natasha
 23135 | D:2      | Killed Natasha
 23562 | D:4      | Killed Thrassey's ghost
 23563 | D:4      | Reached skill level 1 in Long Blades
 24453 | Lair:4   | Noticed Snorg
 24478 | Lair:4   | Killed Snorg
 24599 | Lair:4   | Reached skill level 5 in Long Blades
 25466 | Lair:5   | Entered Level 5 of the Lair of Beasts
 25757 | Lair:5   | Found a staircase to the Slime Pits.
 25757 | Lair:5   | Found a viscous altar of Jiyva.
 26606 | Lair:5   | Reached skill level 10 in Long Blades
 26608 | Lair:5   | Reached XP level 15. HP: 113/113 MP: 15/15
 27252 | Lair:5   | Found a large runed translucent door.
 27253 | Lair:5   | Found a large runed translucent door.
 27963 | Orc:1    | Entered Level 1 of the Orcish Mines
 28433 | Orc:2    | Entered Level 2 of the Orcish Mines
 28433 | Orc:2    | Found a staircase to the Elven Halls.
 28475 | Orc:2    | Paralysed by an orc sorcerer for 4 turns
 28759 | Orc:2    | Found a frozen archway.
 28860 | IceCv    | Entered an ice cave
 28985 | IceCv    | Identified the +0 ice dragon scales "Fod Zexe" {rF- rC++
                  | Regen+ Int+4 SInv}
 29931 | Orc:2    | Paralysed by an ogre mage for 5 turns
 29979 | Orc:2    | Found Xolaof's Book Shoppe.
 30001 | Orc:2    | Found an ancient bone altar of Kikubaaqudgha.
 30001 | Orc:2    | Noticed Nergalle
 30013 | Orc:2    | Killed Nergalle
 30025 | Orc:2    | Found Soseplog's Jewellery Emporium.
 30049 | Orc:2    | Paralysed by an orc sorcerer for 3 turns
 30058 | Orc:2    | Paralysed by an orc sorcerer for 3 turns
 30106 | Orc:2    | Found a radiant altar of Vehumet.
 30173 | Orc:2    | Found Kano's Antique Weapon Shoppe.
 30183 | Orc:2    | Found Lusic's Distillery.
 30239 | Orc:2    | Bought a book of Minor Magic for 198 gold pieces
 30645 | D:10     | Reached skill level 1 in Conjurations
 31169 | D:11     | Reached skill level 1 in Spellcasting
 31212 | D:11     | Reached skill level 1 in Air Magic
 31331 | D:11     | Learned a level 1 spell: Magic Dart
 31419 | D:11     | Acquired the sphere of Battle
 31419 | D:11     | Found the sphere of Battle
 31733 | D:12     | Noticed Nessos
 31735 | D:12     | Reached skill level 2 in Conjurations
 31741 | D:12     | Killed Nessos
 31821 | D:12     | Noticed Erolcha
 31960 | D:12     | Killed Erolcha
 32083 | D:12     | Reached skill level 3 in Conjurations
 32320 | D:12     | Identified the +9 flail of Execution {freeze, Str+4}
 32321 | D:12     | Identified the +3 scale mail of Parts Unknown {-Cast rPois
                  | Dex+2}
 32832 | D:13     | Found a gate to the Vaults.
 32844 | D:13     | Reached skill level 4 in Conjurations
 32850 | D:13     | Reached XP level 16. HP: 92/120 MP: 19/19
 33166 | D:13     | Noticed Azrael
 33186 | D:13     | Killed Azrael
 33528 | D:13     | You fall into a shaft and drop 1 floor!
 33592 | D:13     | Reached skill level 5 in Conjurations
 34316 | D:14     | Reached skill level 15 in Long Blades
 34371 | D:14     | Noticed Jorgrun
 34389 | D:14     | Killed Jorgrun
 34390 | D:14     | Reached skill level 6 in Conjurations
 34468 | D:14     | Noticed Agnes
 34472 | D:14     | Killed Agnes
 35119 | D:15     | Entered Level 15 of the Dungeon
 35739 | D:15     | Reached skill level 7 in Conjurations
 36183 | D:15     | Noticed Kirke
 36201 | D:15     | Noticed a sphinx
 36203 | D:15     | Killed Kirke
 36328 | D:15     | Found Eddoc's Distillery.
 36343 | D:15     | Found a staircase to the Depths.
 37102 | D:15     | Reached skill level 5 in Spellcasting
 37490 | D:15     | Reached skill level 8 in Conjurations
 37490 | D:15     | Reached skill level 5 in Air Magic
 38417 | Lair:2   | Killed Dittersdorf's ghost
 38592 | Swamp:1  | Entered Level 1 of the Swamp
 38836 | Swamp:1  | Noticed Louise
 38855 | Swamp:1  | Reached skill level 9 in Conjurations
 38881 | Swamp:1  | Killed Louise
 39113 | Swamp:1  | Noticed Donald
 39126 | Swamp:1  | Killed Donald
 39261 | Swamp:1  | Gained mutation: A powerful demonic guardian rushes to your
                  | aid. [demonic ancestry]
 39261 | Swamp:1  | Reached XP level 17. HP: 112/125 MP: 21/24
 39580 | Swamp:1  | Reached skill level 10 in Conjurations
 40952 | Swamp:3  | Noticed Roxanne
 41219 | Swamp:3  | Noticed Mara
 41239 | Swamp:3  | Noticed MrSquiggles's illusion
 41264 | Swamp:3  | Noticed MrSquiggles's illusion
 41269 | Swamp:3  | Killed Mara
 41270 | Swamp:3  | Reached skill level 11 in Conjurations
 41421 | Swamp:3  | Identified the serpent talisman of the Cobbler {rElec rPois
                  | Stlth+}
 41421 | Swamp:3  | Noticed Aizul
 41438 | Swamp:3  | Killed Aizul
 42133 | Spider:1 | Entered Level 1 of the Spider Nest
 42136 | Spider:1 | Noticed Asterion
 43923 | Orc:2    | Bought a book of Lightning for 396 gold pieces
 43929 | Orc:2    | Learned a level 5 spell: Arcjolt
 44504 | Spider:2 | Learned a level 3 spell: Mephitic Cloud
 44632 | Spider:2 | Reached skill level 12 in Conjurations
 45255 | Spider:2 | You are sucked into a shaft and drop 1 floor!
 45692 | Spider:2 | Reached skill level 10 in Air Magic
 46334 | Spider:3 | Reached XP level 18. HP: 132/132 MP: 25/25
 46566 | Spider:3 | Identified the +1 morningstar "Voexzoz" {heavy, Dex+4}
 46747 | Spider:4 | Entered Level 4 of the Spider Nest
 46781 | Spider:4 | Reached skill level 13 in Conjurations
 47595 | Spider:4 | Identified the +7 orcbow of the Foot {drain, rN+ Dex+3}
 48771 | Spider:4 | Got a gossamer rune of Zot
 48778 | Spider:4 | Reached skill level 14 in Conjurations
 48778 | Spider:4 | Reached XP level 19. HP: 138/138 MP: 26/26
 49182 | Swamp:4  | Entered Level 4 of the Swamp
 49881 | Swamp:4  | Reached skill level 15 in Conjurations
 50991 | Swamp:4  | Got a decaying rune of Zot
 52210 | D:3      | Bought a book of Chaos for 700 gold pieces
 52217 | D:3      | Learned a level 6 spell: Conjure Ball Lightning
 52417 | Vaults:5 | Identified the of Zyomil
 52417 | Crypt:3  | Identified the "Fonyss"
 52417 | Depths:4 | Identified the "Qaseulah"
 52417 | Elf:1    | Entered Level 1 of the Elven Halls
 52417 | Elf:1    | Found a runed translucent gate.
 52417 | Elf:1    | Found a runed translucent gate.
 52417 | Elf:1    | Found a runed translucent gate.
 52417 | Elf:1    | Found a runed translucent gate.
 52417 | Elf:1    | Found a runed translucent gate.
 52417 | Elf:1    | Found a runed translucent gate.
 52419 | Elf:1    | Found a runed translucent door.
 52424 | Elf:1    | Found a runed translucent door.
 52538 | Elf:1    | Paralysed by an air elemental for 1 turns
 54179 | Elf:2    | Found a runed translucent door.
 54180 | Elf:2    | Noticed Litiur's ghost (adept OpIE)
 54364 | Elf:2    | Found a huge runed translucent gate.
 54364 | Elf:2    | Found a huge runed translucent gate.
 54364 | Elf:2    | Found a huge runed translucent gate.
 54364 | Elf:2    | Found a huge runed translucent gate.
 54365 | Elf:2    | Found a huge runed translucent gate.
 54473 | Elf:2    | Reached skill level 16 in Conjurations
 54745 | Elf:3    | Identified the "Peubuf"
 54745 | Elf:3    | Identified the "Buts"
 54745 | Elf:3    | Identified the "Tomac"
 54745 | Elf:3    | Identified the "Cuot Teb"
 54745 | Elf:3    | Entered Level 3 of the Elven Halls
 55115 | Elf:3    | Gained mutation: Your magical and physical power is
                  | slightly enhanced at high health. [demonic ancestry]
 55115 | Elf:3    | Reached XP level 20. HP: 130/144 MP: 19/28
 55833 | Elf:3    | Found Uvukahic's Book Boutique.
 55984 | Elf:3    | Identified the +6 mace of Mourning {freeze, rC+}
 56123 | Elf:3    | Identified the +10 broad axe of the Valley {drain, Str+2
                  | Int+4}
 56655 | Elf:3    | Identified the +8 war axe of Bineen {vamp, rF+ Will+ Str-5}
 56860 | Elf:3    | Identified the +1 pair of gloves of Posisuni {Rampage rElec
                  | rF+++ Int-5}
 57007 | Elf:3    | Bought a Trismegistus Codex for 338 gold pieces
 57020 | Elf:3    | Learned a level 3 spell: Ignite Poison
 57023 | Elf:3    | Learned a level 2 spell: Poisonous Vapours
 57284 | Vaults:1 | Entered Level 1 of the Vaults
 57512 | Vaults:1 | Reached skill level 1 in Transmutations
 57512 | Vaults:1 | Reached skill level 1 in Fire Magic
 57585 | Vaults:1 | Noticed Zenata
 58313 | Vaults:1 | Reached skill level 17 in Conjurations
 59150 | Vaults:1 | Noticed Norris
 59155 | Vaults:1 | Killed Norris
 59173 | Vaults:1 | Reached skill level 5 in Fire Magic
 60183 | Vaults:2 | Noticed a golden dragon
 60506 | Vaults:2 | Noticed Nikola
 60543 | Vaults:2 | Killed Nikola
 60615 | Vaults:2 | Reached XP level 21. HP: 146/150 MP: 15/32
 60626 | Vaults:2 | Found a magical portal.
 60641 | WizLab   | Entered Borgnjor's Mausoleum
 61185 | WizLab   | Learned a level 6 spell: Starburst
 61236 | WizLab   | Identified the ring "Layxef" {rF+ rN+ Will+}
 61769 | WizLab   | Reached skill level 18 in Conjurations
 62155 | Vaults:2 | Identified the +7 trident of Mietyfe {flame, rN+ rCorr}
 62748 | Vaults:2 | Identified the +8 chain mail "Geah" {Harm rElec}
 63281 | Vaults:2 | Learned a level 6 spell: Plasma Beam
 63448 | Vaults:2 | Killed a golden dragon
 63772 | Vaults:3 | Reached skill level 10 in Fire Magic
 63895 | Vaults:3 | Found a staircase to the Crypt.
 64048 | Vaults:3 | Found Doreoqof's Weapon Shoppe.
 64092 | Vaults:3 | Found a flickering gateway to a bazaar.
 64106 | Bazaar   | Entered a bazaar
 64151 | Bazaar   | Found Waqed's Jewellery Boutique.
 64173 | Bazaar   | Found Ritoonar's Antique Weapon Emporium.
 64194 | Bazaar   | Found Kiregg's Distillery.
 64214 | Bazaar   | Found Datrof's Antique Armour Shoppe.
 64243 | Bazaar   | Bought the ring of Cheibriados's Favour {MP+9 Str+3} for
                  | 432 gold pieces
 64292 | Bazaar   | Bought a potion of magic for 88 gold pieces
 64292 | Bazaar   | Bought a potion of curing for 33 gold pieces
 64292 | Bazaar   | Bought a potion of mutation for 88 gold pieces
 64292 | Bazaar   | Bought a potion of haste for 110 gold pieces
 64292 | Bazaar   | Bought a potion of mutation for 88 gold pieces
 64292 | Bazaar   | Bought a potion of mutation for 88 gold pieces
 64292 | Bazaar   | Bought a potion of curing for 33 gold pieces
 64804 | Vaults:3 | Noticed Mennas
 65530 | Vaults:4 | Found Jupim's Weapon Shop.
 65848 | Vaults:4 | Reached XP level 22. HP: 141/157 MP: 24/35
 66812 | Vaults:4 | Noticed a dread lich
 67439 | Vaults:4 | Reached skill level 19 in Conjurations
 68327 | Vaults:4 | Killed a dread lich
 68974 | Crypt:1  | Entered Level 1 of the Crypt
 69352 | Depths:1 | Entered Level 1 of the Depths
 69625 | Elf:3    | Bought a book of Burglary for 260 gold pieces
 69890 | Depths:1 | Learned a level 7 spell: Orb of Destruction
 70089 | Depths:1 | Found an opulent altar of Gozag.
 70111 | Depths:1 | Identified the +1 leather armour of Precision Catastrophes
                  | {Harm *Slow Fly Slay+2}
 70228 | Depths:1 | Found a gateway to Hell.
 71504 | Depths:2 | Found a one-way gateway to a ziggurat.
 71695 | Depths:2 | Noticed a golden dragon
 71779 | Depths:2 | Found a one-way gate leading to the halls of Pandemonium.
 72347 | Depths:2 | Killed a golden dragon
 72407 | Depths:2 | Found a one-way gate to the infinite horrors of the Abyss.
 72994 | Depths:2 | Reached skill level 10 in Spellcasting
 73024 | Depths:2 | Learned a level 2 spell: Passwall
 73074 | Depths:2 | Noticed a golden dragon
 73093 | Depths:2 | Killed a golden dragon
 73673 | Depths:2 | Reached skill level 20 in Conjurations
 73768 | Depths:2 | Noticed the Enchantress
 73769 | Depths:2 | Noticed a caustic shrike
 74124 | Depths:2 | Killed a caustic shrike
 74131 | Depths:2 | Killed the Enchantress
 74134 | Depths:2 | Identified the +9 spear "Zuher" {heavy, rF+ Str+3}
 74301 | Depths:2 | Noticed a caustic shrike
 74304 | Depths:2 | Killed a caustic shrike
 74482 | Depths:2 | Gained mutation: Your magical and physical power is
                  | enhanced at high health. [demonic ancestry]
 74482 | Depths:2 | Reached XP level 23. HP: 162/162 MP: 24/37
 74640 | Depths:3 | Identified the ring "Wuolaf" {Ice rElec Str-4 Dex+4 Stlth+}
 74640 | Depths:3 | Noticed Josephina
 74917 | Depths:2 | Reached skill level 21 in Conjurations
 75554 | Depths:3 | Reached skill level 10 in Fighting
 75764 | Depths:3 | Noticed Sojobo
 75969 | Depths:3 | Killed Josephina
 75969 | Depths:3 | Paralysed by an air elemental for 1 turns
 76092 | Depths:3 | Killed Sojobo
 76267 | Depths:3 | Found a sparkling altar of Nemelex Xobeh.
 76557 | Depths:3 | Found Foibuo's Antique Armour Boutique.
 76993 | Depths:3 | Identified the +5 flail "Ahepnom" {freeze, *Rage rC+ rCorr
                  | Str+4}
 77432 | Depths:4 | Entered Level 4 of the Depths
 77771 | Depths:4 | Reached skill level 1 in Summonings
 79494 | Depths:4 | Found a gate to the Realm of Zot.
 81187 | Crypt:2  | Reached skill level 5 in Summonings
 81240 | Crypt:2  | Found a runed translucent door.
 81241 | Crypt:2  | Noticed Katt's ghost (adept MiFi)
 81967 | Crypt:2  | Gained mutation: You are completely covered in icy blue
                  | scales. (AC +4, rC+) [demonic ancestry]
 81967 | Crypt:2  | Reached XP level 24. HP: 184/184 MP: 7/38
 82875 | Elf:3    | Bought a book of Dangerous Friends for 520 gold pieces
 83007 | Orc:2    | Learned a level 7 spell: Spellforged Servitor
 83285 | Crypt:3  | Entered Level 3 of the Crypt
 85265 | Crypt:3  | Identified the +0 eveningstar of Fortitude {vamp, rElec}
 85339 | Crypt:3  | Identified the +8 war axe of Internal Strife {drain, rC-
                  | Str+5 Int+4}
 85339 | Crypt:3  | Identified the +9 shortbow of Hikh {heavy, rF- Will+ Str+3
                  | Dex+4}
 85665 | Crypt:3  | Identified the +1 leather armour of the Kissing Gods {rPois
                  | rF- rN++}
 85741 | Crypt:3  | Found a staircase to the Tomb.
 85741 | Crypt:3  | Noticed an ancient lich
 85754 | Crypt:3  | Killed an ancient lich
 85799 | Crypt:3  | Identified the +1 morningstar "Jamixor" {drain, Drain rPois
                  | Will+++ Int+2}
 86012 | Crypt:3  | Found an ancient bone altar of Kikubaaqudgha.
 86734 | Slime:1  | Entered Level 1 of the Pits of Slime
 86761 | Slime:1  | Reached skill level 10 in Summonings
 86982 | Slime:3  | Gained mutation: Your muscles are strong. (Str +4, Int/Dex
                  | -1) [a shining eye]
 87174 | Slime:4  | Reached skill level 15 in Fighting
 87501 | Slime:5  | Entered Level 5 of the Pits of Slime
 87694 | Slime:5  | Gained mutation: Your body sometimes deteriorates upon
                  | taking damage. [a shining eye]
 87948 | Slime:5  | Noticed the Royal Jelly
 87963 | Slime:5  | Killed the Royal Jelly
 88116 | Slime:5  | Identified the +0 hand axe "Sossemn" {antimagic, rPois}
 88130 | Slime:5  | Identified the +7 battleaxe of Abiawut {freeze, rN+ Str+4
                  | Dex+3}
 88911 | Slime:5  | Identified the +1 sling of Obiter Dictum {drain, rCorr
                  | Str+2 Int-5 SInv}
 89136 | Slime:5  | Identified the +0 triple sword "Ogre's Demise" {speed,
                  | Drain rElec Str+3 Int+3}
 89513 | Slime:5  | Identified the +0 morningstar of the Moon {flame, Str+3}
 89518 | Slime:5  | Got a slimy rune of Zot
 90204 | Orc:2    | Bought a potion of haste for 100 gold pieces
 90204 | Orc:2    | Bought a potion of heal wounds for 50 gold pieces
 90204 | Orc:2    | Bought a potion of heal wounds for 50 gold pieces
 90204 | Orc:2    | Bought a potion of invisibility for 80 gold pieces
 90204 | Orc:2    | Bought a potion of cancellation for 80 gold pieces
 90204 | Orc:2    | Bought a potion of heal wounds for 50 gold pieces
 90204 | Orc:2    | Bought 2 potions of magic for 160 gold pieces
 90351 | Elf:2    | Killed Litiur's ghost
 90591 | D:15     | Bought a potion of invisibility for 160 gold pieces
 90591 | D:15     | Bought a potion of ambrosia for 160 gold pieces
 90591 | D:15     | Bought a potion of invisibility for 160 gold pieces
 90591 | D:15     | Bought a potion of resistance for 200 gold pieces
 90591 | D:15     | Bought a potion of curing for 60 gold pieces
 90591 | D:15     | Bought a potion of mutation for 160 gold pieces
 90867 | Swamp:3  | Killed Roxanne
 91455 | Zot:1    | Entered Level 1 of the Realm of Zot
 91473 | Zot:1    | Reached skill level 1 in Translocations
 92164 | Zot:2    | Gained mutation: Your magical and physical power is greatly
                  | enhanced at high health. [demonic ancestry]
 92164 | Zot:2    | Reached XP level 25. HP: 173/197 MP: 29/38
 93301 | Zot:2    | Learned a level 2 spell: Blink
 93817 | Zot:2    | Identified the +1 trident of the Rat {antimagic, rElec
                  | Dex+3}
 94274 | Zot:2    | Noticed an orb of fire
 94275 | Zot:2    | Gained mutation: You have hidden genetic defects. [an orb
                  | of fire]
 94276 | Zot:2    | Gained mutation: You are occasionally teleported next to
                  | monsters. [an orb of fire]
 94278 | Zot:2    | Killed an orb of fire
 94281 | Zot:2    | Lost mutation: Your muscles are strong. (Str +4, Int/Dex
                  | -1) [potion of mutation]
 94281 | Zot:2    | Lost mutation: Your body sometimes deteriorates upon taking
                  | damage. [potion of mutation]
 94281 | Zot:2    | Lost mutation: You are occasionally teleported next to
                  | monsters. [potion of mutation]
 94281 | Zot:2    | Gained mutation: You are frail. (-10% HP) [potion of
                  | mutation]
 94282 | Zot:2    | Lost mutation: You are frail. (-10% HP) [potion of
                  | mutation]
 94282 | Zot:2    | Lost mutation: You have hidden genetic defects. [potion of
                  | mutation]
 94282 | Zot:2    | Gained mutation: You have large cloven feet. [potion of
                  | mutation]
 94348 | Zot:2    | Noticed a shard shrike
 94351 | Zot:2    | Killed a shard shrike
 96087 | Zot:3    | Noticed an orb of fire
 96092 | Zot:3    | Killed an orb of fire
 97003 | Zot:3    | You fall into a shaft and drop 1 floor!
 97125 | Zot:4    | Reached XP level 26. HP: 206/211 MP: 32/40
 97168 | Zot:4    | Reached skill level 15 in Throwing
 99271 | Zot:5    | Entered Level 5 of the Realm of Zot
 99286 | Zot:5    | Reached skill level 15 in Spellcasting
100046 | Zot:5    | Noticed an ancient lich
100048 | Zot:5    | Killed an ancient lich
101724 | Zot:5    | Reached skill level 10 in Evocations
102014 | Zot:5    | Reached skill level 10 in Dodging
102020 | Zot:5    | Noticed an ancient lich
102025 | Zot:5    | Killed an ancient lich
102446 | Zot:5    | Noticed an orb of fire
102458 | Zot:5    | Gained mutation: You occasionally lose the ability to drink
                  | potions when taking damage. [an orb of fire]
102461 | Zot:5    | Killed an orb of fire
102950 | Zot:5    | Noticed an orb of fire
102956 | Zot:5    | Gained mutation: Your magical capacity is low. (-10% MP)
                  | [an orb of fire]
103114 | Zot:5    | Gained mutation: Your spells are a little easier to cast,
                  | but a little less powerful. [an orb of fire]
103117 | Zot:5    | Killed an orb of fire
104119 | Zot:5    | Noticed a dread lich
104123 | Zot:5    | Killed a dread lich
104217 | Zot:5    | Gained mutation: When low on magic, you restore magic in
                  | place of health. [demonic ancestry]
104217 | Zot:5    | Reached XP level 27. HP: 221/221 MP: 35/37
105474 | Zot:4    | Gained mutation: You are weak. (Str -2) [mutagenic glow]
105482 | Zot:4    | Gained mutation: You sometimes lose your temper in combat.
                  | [mutagenic glow]
105495 | Zot:4    | Gained mutation: You occasionally shout uncontrollably at
                  | your foes. [mutagenic glow]
106233 | Zot:5    | Got the Orb of Zot
106236 | Zot:5    | Lost mutation: You have large cloven feet. [potion of
                  | mutation]
106236 | Zot:5    | Lost mutation: You are weak. (Str -2) [potion of mutation]
106236 | Zot:5    | Lost mutation: You occasionally lose the ability to drink
                  | potions when taking damage. [potion of mutation]
106236 | Zot:5    | Lost mutation: Your magical capacity is low. (-10% MP)
                  | [potion of mutation]
106236 | Zot:5    | Lost mutation: You sometimes lose your temper in combat.
                  | [potion of mutation]
106237 | Zot:5    | Lost mutation: You occasionally shout uncontrollably at
                  | your foes. [potion of mutation]
106237 | Zot:5    | Lost mutation: Your spells are a little easier to cast, but
                  | a little less powerful. [potion of mutation]
106237 | Zot:5    | Gained mutation: You are clumsy. (Dex -2) [potion of
                  | mutation]
106237 | Zot:5    | Gained mutation: You sometimes lose your temper in combat.
                  | [potion of mutation]
106237 | Zot:5    | Gained mutation: You are partially covered in large bone
                  | plates. (SH +4) [potion of mutation]
106238 | Zot:5    | Lost mutation: You are partially covered in large bone
                  | plates. (SH +4) [potion of mutation]
106238 | Zot:5    | Lost mutation: You are clumsy. (Dex -2) [potion of
                  | mutation]
106238 | Zot:5    | Gained mutation: You have large cloven feet. [potion of
                  | mutation]
106238 | Zot:5    | Gained mutation: You are clumsy. (Dex -2) [potion of
                  | mutation]
106239 | Zot:5    | Lost mutation: You are clumsy. (Dex -2) [potion of
                  | mutation]
106239 | Zot:5    | Lost mutation: You sometimes lose your temper in combat.
                  | [potion of mutation]
106239 | Zot:5    | Gained mutation: You possess an exceptional clarity of
                  | mind. [potion of mutation]
106239 | Zot:5    | Gained mutation: Your skin changes colour to match your
                  | surroundings (Stealth+). [potion of mutation]
106239 | Zot:5    | Gained mutation: You have hoof-like feet. [potion of
                  | mutation]
106240 | Zot:5    | Lost mutation: You possess an exceptional clarity of mind.
                  | [potion of mutation]
106240 | Zot:5    | Lost mutation: You have hoof-like feet. [potion of
                  | mutation]
106240 | Zot:5    | Gained mutation: You occasionally lose the ability to read
                  | scrolls when taking damage. [potion of mutation]
106241 | Zot:5    | Lost mutation: You occasionally lose the ability to read
                  | scrolls when taking damage. [potion of mutation]
106241 | Zot:5    | Lost mutation: You have large cloven feet. [potion of
                  | mutation]
106241 | Zot:5    | Lost mutation: Your skin changes colour to match your
                  | surroundings (Stealth+). [potion of mutation]
106241 | Zot:5    | Gained mutation: You are dopey. (Int -2) [potion of
                  | mutation]
106241 | Zot:5    | Gained mutation: You are very dopey. (Int -4) [potion of
                  | mutation]
106242 | Zot:5    | Lost mutation: You are very dopey. (Int -4) [potion of
                  | mutation]
106242 | Zot:5    | Lost mutation: You are dopey. (Int -2) [potion of mutation]
106242 | Zot:5    | Gained mutation: You are frail. (-10% HP) [potion of
                  | mutation]
106242 | Zot:5    | Gained mutation: You have sharp toenails. [potion of
                  | mutation]
106242 | Zot:5    | Gained mutation: You are strong-willed. (Will+) [potion of
                  | mutation]
106243 | Zot:5    | Lost mutation: You are frail. (-10% HP) [potion of
                  | mutation]
106243 | Zot:5    | Lost mutation: You have sharp toenails. [potion of
                  | mutation]
106243 | Zot:5    | Gained mutation: You have sharp toenails. [potion of
                  | mutation]
106243 | Zot:5    | Gained mutation: Your spells are a little harder to cast,
                  | but a little more powerful. [potion of mutation]
106250 | Zot:5    | Gained mutation: You sometimes lose your temper in combat.
                  | [a neqoxec]
106524 | D:11     | Noticed a seraph
106534 | D:11     | Killed a seraph
106554 | D:10     | Noticed Ilofra Keimn the pandemonium lord
106554 | D:10     | Noticed an ancient lich
106697 | D:5      | Noticed a seraph
106711 | D:5      | Killed a seraph
106726 | D:4      | Noticed Eloemp the pandemonium lord
106836 | D:$      | Escaped with the Orb!

Illustrated notes

Levels and vault maps discovered:
D:1:      lightli_arrival_quake, layout_basic, st_stairs_13
D:2:      layout_loops_ring, shapermc_ecumenical_altar_pompeii, uniq_natasha,
          uniq_terence
D:3:      layout_loops_cross, cheibriados_altar_1,
          nicolae_yredelemnul_corpse_copse, serial_shops,
          nicolae_shop_behind_doors, minivault_19
D:4:      layout_rooms, mainiacjoe_sewer_entry_somewhere_in_here_1,
          ebering_ghost_disaster_area, minmay_joined_circles
D:5:      layout_basic, temple_hall, uniq_menkaure
D:6:      minmay_flawed_box, layout_basic, kennysheep_mini_moat,
          enter_ossuary_1, uniq_sigmund
D:7:      layout_gridville, led_xom_imps
D:8:      layout_basic, nicolae_overflow_crystal_walls
D:9:      layout_irregular_city, david_orc_5, grunt_ministairs_7, minivault_10
D:10:     layout_roguey, dpeg_lair_monsters,
          nicolae_concentric_dashed_squares_wild, st_stairs_3,
          nicolae_guarded_unrand_slippers
D:11:     layout_cave_pools
D:12:     nicolae_BIG_FREAKIN_CUBE, layout_basic, st_stairs_5,
          kennysheep_path_1, laboratory, uniq_nessos, uniq_erolcha
D:13:     layout_grid_maze, david_vaults_3, uniq_azrael
D:14:     layout_irregular_city, uniq_jorgrun, uniq_agnes
D:15:     gammafunk_depths_entry_grave, layout_stronghold, nicolae_two_hexagons,
          serial_shops, shop, minmay_rotating_lava, uniq_kirke
Lair:1:   layout_roguey, enter_volcano_2, basic_altar, lemuel_fruit_fields,
          serial_bayou_shore_b, infiniplex_staircase_pool
Lair:2:   layout_regular_city, gammafunk_ghost_cemetery, grunt_megastairs_5
Lair:3:   layout_layer_cave, minmay_swamp_entry_reptiles,
          spider_nest_entry_funnel_web, nicolae_quartered_pool_little,
          serial_bayou_shore_a
Lair:4:   layout_layer_cave, gauntlet_entry_generic, uniq_snorg
Lair:5:   cheibrodos_lair_end_hotspot, layout_long_grid, slime_entry_1,
          amcnicky_mini_pool_medium
Swamp:1:  nicolae_swamp_ascending_descending_big, layout_basic_swamp,
          nicolae_swamp_triple_paths, swamp_pool_4, nicolae_swamp_no_escape,
          uniq_donald, uniq_louise
Swamp:2:  layout_falls_marsh, evilmike_swamp_ruin_rubble_1
Swamp:3:  layout_falls_marsh, nicolae_swamp_stuck_in_the_mud,
          infiniplex_staircase_pool_2, uniq_mara, uniq_roxanne, uniq_aizul
Swamp:4:  swamp, layout_basic_swamp, swamp_pool_3
Spider:1: layout_spider_delve, uniq_asterion
Spider:2: layout_cave_pods, drop_trap
Spider:3: layout_spider_delve
Spider:4: grunt_spider_rune_parallel, drop_trap
Slime:1:  layout_caves
Slime:2:  layout_caves
Slime:3:  layout_caves
Slime:4:  layout_caves
Slime:5:  slime_pit_nicolae_inversion
Orc:1:    layout_diamond_mine
Orc:2:    kennysheep_orc_mage_school, layout_caves,
          portal_ice_cave_entry_ice_simulacra
Elf:1:    nicolae_elf_arrival_dilemma, layout_onion_city, serial_sigils,
          serial_sigils_hangedman_gnaw, serial_sigils_hangedman_leer,
          serial_sigils_hangedman_confine, serial_sigils_hangedman_scratch
Elf:2:    elven_hall_of_blades_hangedman_alternative
          [infiniplex_blade_entry_pillars], layout_loops_corners,
          ebering_ghost_reflecting_pool, minivault_23
Elf:3:    minmay_elf_hall_dome, layout_loops_corners, serial_shops,
          nicolae_shop_just_a_little_nook, minivault_16
Vaults:1: nicolae_vaults_rhombus_7, v_misc_32, nicolae_vaults_closet_pinwheel_1,
          nicolae_vaults_trapezoid_layered,
          vaults_standard_mumra_enter_the_diamond, v_rooms_6,
          nicolae_vaults_prndl, nicolae_vaults_ring_of_whatevers,
          nicolae_vaults_hallways_thing, nicolae_vaults_heart-shaped_vault,
          nicolae_vaults_twisting_passages, grunt_vaults_diagonal,
          layout_vaults_ring, enter_trove_3, uniq_norris, uniq_zenata
Vaults:2: mu_enter_wizlab_4, nicolae_vaults_enemy_cabinets,
          vaults_standard_mumra_enter_the_diamond,
          nicolae_vaults_more_shelving_2, nicolae_vaults_trapezoid_1, v_misc_15,
          v_misc_14, nicolae_vaults_storage_closets_3,
          nicolae_vaults_mini_display_case, nicolae_vaults_house_1,
          nicolae_vaults_tetromino_Z_2, nicolae_vaults_little_squares_6,
          nicolae_vaults_trapezoid_2, layout_vaults_omnicross, uniq_nikola
Vaults:3: hangedman_vaults_locks, vaults_mumra_lcd,
          nicolae_vaults_taking_the_gang_shopping,
          minmay_crypt_entry_simple_box, nicolae_vaults_meiosis,
          ontoclasm_vaults_twist, nicolae_vaults_meeting, v_misc_2,
          vaults_dpeg_diagonal, nicolae_vaults_ring_of_whatevers,
          layout_vaults_maze_bifur, serial_shops, bzr_firewalk, uniq_mennas
Vaults:4: hangedman_vaults_trim, nicolae_vaults_rhombus_6, st_more_cells,
          nicolae_vaults_sightless_eye, v_rooms_3, nicolae_vaults_tangram_1,
          ontoclasm_vaults_eye, layout_vaults_omnigrid, serial_shops,
          nicolae_shop_bloodbath_and_beyond
Crypt:1:  layout_regular_city, grunt_crypt_arrival_guarded_gate, uniq_vv
Crypt:2:  layout_chaotic_city, ebering_ghost_reflecting_pool
Crypt:3:  quadcrypt_mu
Depths:1: layout_cave_shapes, grunt_gozag_breadcrumbs, hell_entry,
          hangedman_decor_riveting, hex_large, kennysheep_flooded_box,
          drop_trap, zin_statuary
Depths:2: gammafunk_depths_water_palace, layout_gridlike, enter_ziggurat_e,
          serial_bayou_ford_a, rand_demon_pan_entry_4, hell_entry,
          nicolae_abyss_entry_one_way_or_another, uniq_enchantress
Depths:3: hangedman_arrow_trap, layout_cave_shapes, abyss_entry,
          rand_demon_pan_entry_8, hell_entry, nemelex_diamond_rough_becter,
          serial_shops, nicolae_shop_dealshenge, uniq_josephina, uniq_sojobo
Depths:4: grunt_zot_entry_gee_three, layout_cave_shapes, pan_entry,
          serial_sigils_hangedman_stare, hell_entry
Zot:1:    layout_onion_interference
Zot:2:    lemuel_halls_of_wrath, layout_misc_corridors,
          regret_index_zotdec_onion_hex, hangedman_elemental_grid_stream
Zot:3:    layout_onion
Zot:4:    hangedman_snap_crack_crunch, layout_onion
Zot:5:    layout_onion

Skill      XL: |  1  2  3  4  5  6  7  8  9 10 11 12 13 14 15 16 17 18 19 20 21 22 23 24 25 26 27 |
---------------+----------------------------------------------------------------------------------+-----
Stealth        | 2 3 4 5 6 |  6.0
Unarmed Combat | 4 5 6 7 9 |  9.0
Evocations     | 2 3 4 5 6 9 11 12 | 12.0
Throwing       | 1 2 4 5 6 8 10 11 12 14 16 | 16.0
Fighting       | 5 6 8 9 13 16 18 19 | 19.7
Armour         | 3 6 8 9 |  9.0
Dodging        | 2 5 8 9 11 12 | 12.0
Long Blades    | 10 14 15 16 | 16.0
Conjurations   | 4 9 12 14 16 17 18 20 21 | 21.0
Spellcasting   | 2 5 7 9 10 11 13 15 | 15.0
Air Magic      | 2 6 10 11 13 14 | 14.0
Transmutations | 3 |  3.0
Fire Magic     | 6 11 14 | 14.0
Summonings     | 6 12 | 12.0
Translocations | 3 4 |  4.0

Action                     |  1- 3 |  4- 6 |  7- 9 | 10-12 | 13-15 | 16-18 | 19-21 | 22-24 | 25-27 || total
---------------------------+-------+-------+-------+-------+-------+-------+-------+-------+-------++-------
  Melee: Unarmed           |   109 |   241 |   570 |  1071 |   617 |       |    17 |       |       ||  2625
         Punch             |     4 |     6 |    29 |    53 |    65 |    64 |       |       |       ||   221
         Double sword      |       |       |       |       |   413 |  1103 |   179 |   101 |    87 ||  1883
         Scimitar          |       |       |       |       |       |    27 |    48 |       |       ||    75
         Staff             |       |       |       |       |       |       |    13 |     1 |     4 ||    18
  Throw: Boomerang         |       |    17 |    75 |    76 |   219 |   348 |     1 |     7 |    10 ||   753
         Dart              |       |       |    27 |   191 |   146 |    65 |     3 |    16 |    73 ||   521
         Javelin           |       |       |       |     8 |    21 |    26 |     9 |    22 |     9 ||    95
   Cast: Magic Dart        |       |       |       |       |     1 |   151 |   395 |   168 |   117 ||   832
         Arcjolt           |       |       |       |       |       |     9 |     5 |     3 |       ||    17
         Mephitic Cloud    |       |       |       |       |       |     2 |       |     1 |       ||     3
         Conjure Ball Ligh |       |       |       |       |       |       |   231 |    69 |    15 ||   315
         Poisonous Vapours |       |       |       |       |       |       |     4 |       |     8 ||    12
         Ignite Poison     |       |       |       |       |       |       |     2 |       |    32 ||    34
         Plasma Beam       |       |       |       |       |       |       |    45 |   487 |   278 ||   810
         Starburst         |       |       |       |       |       |       |    35 |    16 |       ||    51
         Orb of Destructio |       |       |       |       |       |       |       |    40 |    41 ||    81
         Spellforged Servi |       |       |       |       |       |       |       |    36 |    79 ||   115
 Invoke: Fiery Armour      |       |       |     1 |     1 |     1 |       |       |       |       ||     3
         Foxfire Swarm     |       |       |       |     1 |       |       |       |       |       ||     1
  Evoke: Wand              |       |       |    27 |     6 |     5 |    16 |     4 |    10 |     9 ||    77
         Tin of tremorston |       |       |       |       |     2 |     5 |     2 |     1 |     1 ||    11
         Phantom mirror    |       |       |       |       |       |     1 |       |     2 |     2 ||     5
         Lightning rod     |       |       |       |       |       |       |     1 |       |       ||     1
    Use: Scroll            |     1 |     6 |     8 |    11 |     9 |    18 |     7 |    10 |    15 ||    85
         Potion            |       |     4 |     6 |     7 |    13 |    19 |     3 |    16 |    27 ||    95
   Stab: Sleeping          |     3 |       |       |       |       |     1 |     1 |       |       ||     5
         Invisible         |       |       |       |     3 |     4 |       |       |       |     1 ||     8
         Paralysed         |       |       |       |       |     2 |     1 |       |       |       ||     3
         Confused          |       |       |       |       |       |     2 |     1 |       |       ||     3
         Distracted        |       |       |       |       |       |     1 |       |     1 |     1 ||     3
 Armour: Leather armour    |    51 |       |       |       |       |       |       |       |       ||    51
         Plate armour      |       |   171 |    66 |       |       |       |       |       |       ||   237
         Chain mail        |       |       |   300 |   696 |   771 |   297 |       |       |       ||  2064
         Scale mail        |       |       |       |       |       |   292 |       |       |       ||   292
         Swamp dragon scal |       |       |       |       |       |   273 |   141 |       |       ||   414
         Troll leather arm |       |       |       |       |       |       |   515 |   380 |   322 ||  1217
         Skin              |       |       |       |       |       |       |     3 |       |       ||     3
  Dodge: Dodged            |    53 |    92 |   319 |   684 |   653 |  1103 |   389 |   233 |   291 ||  3817

Table legend: (Time is in decaauts)
 A = Elapsed time spent in this place.
 B = Non-inter-level travel time spent in this place.
 C = Inter-level travel time spent in this place.
 D = Time resting spent in this place.
 E = Time spent auto-exploring this place.
 F = Levels seen in this place.
 G = Mean time per level.
                   A        B        C        D        E       F      G
               +--------+--------+--------+--------+--------+-----+--------+
         Total | 106131 |  92935 |  13196 |  30614 |  37300 |  61 | 1739.9 |
       Dungeon |  25613 |  20506 |   5107 |   3986 |  10602 |  15 | 1707.5 |
          Lair |  12646 |  10932 |   1714 |   2299 |   5871 |   5 | 2529.2 |
         Swamp |   6493 |   5791 |    702 |   2072 |   2479 |   4 | 1623.2 |
   Spider Nest |   5423 |   5264 |    159 |   1380 |   2645 |   4 | 1355.8 |
    Slime Pits |   2963 |   2715 |    248 |   1186 |    617 |   5 |  592.6 |
  Orcish Mines |   1985 |   1483 |    502 |     86 |    799 |   2 |  992.5 |
   Elven Halls |   5247 |   4534 |    713 |   1184 |   2298 |   3 | 1749.0 |
        Vaults |  11129 |   9600 |   1529 |   2831 |   3174 |   4 | 2782.2 |
         Crypt |   6021 |   5746 |    275 |   2159 |   2450 |   3 | 2007.0 |
        Depths |  10642 |   9222 |   1420 |   4859 |   2684 |   4 | 2660.5 |
           Zot |  12969 |  12146 |    823 |   6615 |   2750 |   5 | 2593.8 |
        Bazaar |    224 |    224 |      0 |      0 |    139 |   1 |  224.0 |
         Sewer |    404 |    404 |      0 |    267 |     90 |   1 |  404.0 |
       Ossuary |    467 |    467 |      0 |      0 |     68 |   1 |  467.0 |
      Ice Cave |    746 |    746 |      0 |    515 |      0 |   1 |  746.0 |
       Volcano |    963 |    963 |      0 |    520 |    107 |   1 |  963.0 |
        Wizlab |   1282 |   1282 |      0 |    362 |    341 |   1 | 1282.0 |
      Gauntlet |    907 |    907 |      0 |    290 |    184 |   1 |  907.0 |
               +--------+--------+--------+--------+--------+-----+--------+

Top non-repeatable levels by time:
Depths:2: 5397 daAuts
   Zot:5: 4526 daAuts
Vaults:1: 3419 daAuts
Vaults:4: 3328 daAuts
    D:15: 3257 daAuts
  Lair:3: 3182 daAuts
 Crypt:3: 3181 daAuts
  Lair:2: 2982 daAuts
Vaults:2: 2865 daAuts
   Zot:2: 2793 daAuts
   Zot:4: 2711 daAuts
    D:10: 2585 daAuts
     D:9: 2532 daAuts
Depths:4: 2378 daAuts
  Lair:4: 2319 daAuts
